 Dungeon Crawl Stone Soup version 0.29-a0-542-g075992c915 (webtiles) character file.

Game seed: 6374004327716457449

24639 xian the Carver (level 12, -3/94 HPs)
             Began as a Demonspawn Gladiator on June 3, 2022.
             Was an Initiate of Gozag.
             Slain by a +6 long sword (15 damage)
             ... on level 14 of the Dungeon.
             The game lasted 00:54:18 (15802 turns).

xian the Carver (Demonspawn Gladiator)             Turns: 15802, Time: 00:54:20

Health: -3/94      AC: 24    Str: 17    XL:     12   Next: 82%
Magic:  12/12      EV: 15    Int: 10    God:    Gozag
Gold:   2078       SH:  0    Dex: 13    Spells: 11/11 levels left

rFire   + . .      SeeInvis +   a - +1 long sword (freeze)
rCold   . . .      Faith    .   (no shield)
rNeg    . . .      Spirit   .   i - +9 plate armour of a treasure trove {rF+}
rPois   +          Reflect  .   E - +1 helmet
rElec   +          Harm     .   (cloak unavailable)
rCorr   .          Rampage  .   P - +2 pair of gloves {Stlth+}
Will    .....                   C - +1 pair of boots "Quiria" {rElec rPois Slay+3}
Stlth   ..........              H - amulet of regeneration
HPRegen 1.05/turn               u - +4 ring of evasion
MPRegen 0.13/turn               Q - ring of see invisible

@: about to teleport, studying Air Magic
A: repulsion field 2, foul stench 1, spiny 2, weakness stinger 3, clumsy 1,
deformed body, weak 1
a: Renounce Religion, Potion Petition, Call Merchant, Bribe Branch


You were on level 14 of the Dungeon.
You worshipped Gozag.
Gozag was most pleased with you.
You visited 2 branches of the dungeon, and saw 15 of its levels.
You also visited: Gauntlet.

You collected 2187 gold pieces.
You paid 109 gold pieces to Gozag.

Inventory:

Hand Weapons
 a - a +1 long sword of freezing (weapon)
 N - a +2 great mace of protection
Missiles
 m - 4 curare-tipped darts
 t - 8 javelins
 y - 6 poisoned darts (quivered)
Armour
 c - the +1 pair of gloves of Vinnet {rF+ rC+ Regen+ Str-5}
   (You found it on level 9 of the Dungeon)

   Str:       It affects your strength (-5).
   rF:        It protects you from fire.
   rC:        It protects you from cold.
   Regen:     It increases your rate of health regeneration.
 i - the +9 plate armour of a treasure trove (worn) {rF+}
   (You took it off a minotaur in a Gauntlet)

   rF:        It protects you from fire.
 B - +3 acid dragon scales
 C - the +1 pair of boots "Quiria" (worn) {rElec rPois Slay+3}
   (You found it in a Gauntlet)

   Slay:      It affects your accuracy & damage with ranged weapons and melee
   (+3).
   rElec:     It insulates you from electricity.
   rPois:     It protects you from poison.
 E - a +1 helmet (worn)
 K - a +2 robe of the Archmagi
 P - a +2 pair of gloves of stealth (worn)
Jewellery
 k - a ring of poison resistance
 s - a +4 ring of evasion
 u - a +4 ring of evasion (left hand)
 H - an amulet of regeneration (around neck)
 J - a ring of magical power
 Q - a ring of see invisible (right hand)
Wands
 d - a wand of flame (4)
 j - a wand of polymorph (2)
 z - a wand of mindburst (7)
 D - a wand of acid (7)
 M - a wand of charming (5)
Scrolls
 b - 3 scrolls of teleportation
 l - 2 scrolls of poison
 q - a scroll of enchant weapon
 w - 2 scrolls of enchant armour
 x - a scroll of amnesia
 A - 2 scrolls of magic mapping
Potions
 e - 4 potions of flight
 f - 6 potions of mutation
 g - 2 potions of attraction
 h - 5 potions of curing
 n - 3 potions of heal wounds
 o - 2 potions of might
 p - a potion of ambrosia
 r - a potion of magic
 v - 2 potions of brilliance
 F - a potion of lignification {unknown}
 G - a potion of resistance {unknown}
 I - 2 potions of haste {unknown}
Miscellaneous
 L - a phantom mirror
 O - a tin of tremorstones (2/2)


   Skills:
 + Level 8.7 Fighting
 + Level 13.4 Long Blades
 + Level 6.2 Throwing
 + Level 6.4 Armour
 + Level 8.7 Dodging
 + Level 5.8 Stealth
 + Level 0.2 Evocations


You had 11 spell levels left.
You didn't know any spells.
Your spell library contained the following spells:

 Spells                   Type           Power      Damage    Failure   Level
 Magic Dart               Conj           0%         1d3       100%        1
 Necrotize                Necr           0%         1d4       100%        1
 Scorch                   Fire           0%         2d5       100%        2
 Searing Ray              Conj           0%         2d4       100%        2
 Frozen Ramparts          Ice            0%         1d2       100%        3
 Vampiric Draining        Necr           0%         2d6       100%        3
 Flame Wave               Conj/Fire      0%         2d4       100%        4
 Fulminant Prism          Conj/Hex       0%         3d6       100%        4
 Hailstorm                Conj/Ice       0%         3d3       100%        4
 Summon Ice Beast         Ice/Summ       0%         N/A       100%        4
 Agony                    Necr           0%         N/A       100%        5
 Statue Form              Tmut/Erth      0%         N/A       100%        6
 Summon Cactus Giant      Summ           0%         N/A       100%        6


Dungeon Overview and Level Annotations

Branches:
Dungeon (14/15)            Temple (1/1) D:5            Lair (0/6) D:10
    Orc (0/2) D:9         Gauntlet (visited)
 Vaults: D:13-14

Altars:
Ashenzari
Cheibriados
Dithmenos
Elyvilon
Fedhas
Gozag
Hepliaklqana
Kikubaaqudgha
Makhleb
Nemelex Xobeh
Okawaru
Qazlal
Ru
Sif Muna
Trog
Uskayaw
Vehumet
Wu Jian
Xom
Yredelemnul
Zin
The Shining One

Shops:
D:5 =

Annotations:
D:6 1 runed translucent door, Crazy Yiuf
D:9 Mines
D:10 LAIR
D:13 3 runed translucent doors, Daste's ghost, journeyman OpIE


Innate Abilities, Weirdness & Mutations

You are surrounded by a moderate repulsion field. (EV +3)
You may rarely emit foul miasma when damaged in melee.
You are mostly covered in sharp spines.
You have a sharp stinger which inflicts weakening toxins.
You are clumsy. (Dex -2)
Armour fits poorly on your strangely shaped body.
You are weak. (Str -2)


Message History

The +6 long sword barely misses you. The boulder beetle bites you.
You hit the boulder beetle but do no damage.
The boulder beetle is heavily wounded.
The +6 long sword closely misses you. The boulder beetle closely misses you.
You hit the boulder beetle but do no damage.
The boulder beetle is heavily wounded.
The +6 long sword barely misses you.
The boulder beetle leaps!
The +6 long sword hits you but does no damage.
The +6 long sword attacks as you move away!
The +6 long sword hits you.
The +4 long sword is struck by your spines.
The +4 long sword hits you but does no damage.
The +6 long sword hits you.
The +4 long sword is struck by your spines.
The +4 long sword hits you but does no damage.
The +4 long sword attacks as you move away!
The +4 long sword is struck by your spines.
The +4 long sword closely misses you.
The +6 long sword hits you but does no damage.
The boulder beetle waves its antennae.
The boulder beetle closely misses you.
The boulder beetle attacks as you move away!
The boulder beetle bites you. The +6 long sword closely misses you.
The +6 long sword is struck by your spines.
The +6 long sword hits you but does no damage.
The +4 long sword hits you!
You emit a cloud of foul miasma!
Unknown command.
The +4 long sword attacks as you move away!
The +4 long sword is struck by your spines.
The +4 long sword hits you!
* * * LOW HITPOINT WARNING * * *
The +6 long sword hits you.
* * * LOW HITPOINT WARNING * * *
As you read the scroll of teleportation, it crumbles to dust.
You feel strangely unstable.
The +4 long sword is struck by your spines.
The +4 long sword hits you but does no damage.
The +6 long sword hits you!
You die...
Your body crumbles into a pile of gold.

.♣.♣.♣.♣.♣.♣.♣.♣
...............!
$
................
................
.♣.♣.♣.♣.♣.♣.♣.♣
............)...
.(.....☼........
#####B((..###.+.
#.# #..@..# ..
#.#
#.....###....
#.#
#............
#.# #.....###...
#.# #.....# .
#.# #.....# ##.#
#.....# $ #..#
##.#### ###.##
#.##


You could see a boulder beetle and 2 dancing weapons.

Vanquished Creatures
  A minotaur (Gauntlet)
  2 hydras
  2 boulder beetles
  3 two-headed ogres
  2 centaur warriors
  Erica (D:11)
  3 tengu warriors
  Sonja (D:11)
  An ugly thing (D:12)
  A manticore (D:13)
  A cyclops (D:11)
  3 gargoyles
  Maggie (D:7)
  An unseen horror (D:12)
  Psyche (D:9)
  An efreet (D:13)
  A komodo dragon (shapeshifter) (D:13)
  3 komodo dragons
  5 tengu conjurers
  4 trolls
  A raiju (Gauntlet)
  14 yaks
  2 shadows (D:10)
  A wraith (D:10)
  A wyvern (D:9)
  2 chaos spawn (Gauntlet)
  A neqoxec (Gauntlet)
  12 vampire mosquitoes
  2 steam dragons
  2 acid dragons
  A water moccasin (D:7)
  2 orc warriors
  5 ice beasts
  2 sky beasts
  2 black bears
  8 centaurs
  A phantom (D:6)
  3 kobold brigands
  2 bullfrogs (D:8)
  A gnoll sergeant (D:7)
  3 scorpions
  6 wights (D:8)
  16 killer bees
  8 howler monkeys
  A lava snake (D:9)
  A crimson imp (D:8)
  2 hounds
  3 jellies
  A gnoll shaman (D:7)
  An orc priest (D:6)
  3 iguanas
  6 orc wizards
  9 gnolls (D:7)
  6 adders
  3 shadow imps
  A white imp (D:5)
  An ufetubus (D:5)
  A worm (D:9)
  4 dart slugs
  25 orcs
  4 bats
  8 endoplasms
  2 giant cockroaches
  5 goblins
  7 hobgoblins
  3 jackals (D:4)
  22 kobolds
  8 quokkas
  11 ball pythons
  2 frilled lizards
  3 rats (D:1)
279 creatures vanquished.

Vanquished Creatures (others)
  5 demonic plants (Gauntlet)
  11 plants
16 creatures vanquished.

Grand Total: 295 creatures vanquished

Notes
Turn   | Place    | Note
-------+----------+-------------------------------------------
     0 | D:1      | xian the Demonspawn Gladiator began the quest for the Orb.
     0 | D:1      | Reached XP level 1. HP: 16/16 MP: 1/1
   471 | D:1      | Gained mutation: You have a small tail. [demonic ancestry]
   471 | D:1      | Reached XP level 2. HP: 20/22 MP: 2/2
   975 | D:1      | Reached skill level 3 in Long Blades
  1554 | D:2      | Found a faded altar of an unknown god.
  1573 | D:2      | Gained mutation: You have a tail ending in a sharp stinger.
                  | [demonic ancestry]
  1573 | D:2      | Reached XP level 3. HP: 25/27 MP: 3/3
  2478 | D:3      | Found a stormy altar of Qazlal.
  2541 | D:3      | Reached skill level 1 in Armour
  2541 | D:3      | Gained mutation: You are partially covered in sharp spines.
                  | [demonic ancestry]
  2541 | D:3      | Reached XP level 4. HP: 7/34 MP: 4/4
  3394 | D:4      | Reached skill level 1 in Stealth
  3479 | D:4      | Reached skill level 4 in Long Blades
  3479 | D:4      | Reached XP level 5. HP: 30/39 MP: 5/5
  3743 | D:4      | Found a basalt altar of Yredelemnul.
  3848 | D:4      | Noticed a black bear
  3857 | D:4      | Killed a black bear
  3858 | D:4      | Reached XP level 6. HP: 26/46 MP: 6/6
  4426 | D:5      | Entered Level 5 of the Dungeon
  4799 | D:5      | Found a staircase to the Ecumenical Temple.
  4878 | D:5      | Reached skill level 5 in Long Blades
  4960 | D:5      | Noticed an ice beast
  4969 | D:5      | Killed an ice beast
  4970 | D:5      | Gained mutation: You are mostly covered in sharp spines.
                  | [demonic ancestry]
  4970 | D:5      | Reached XP level 7. HP: 39/52 MP: 7/7
  5115 | D:5      | Found Avumisef's Jewellery Shop.
  5238 | Temple   | Entered the Ecumenical Temple
  5405 | D:6      | Reached skill level 6 in Long Blades
  5713 | D:6      | Reached XP level 8. HP: 59/59 MP: 8/8
  5718 | D:6      | Reached skill level 7 in Long Blades
  5725 | D:6      | Found a shimmering blue altar of Sif Muna.
  5880 | D:6      | Found a runed translucent door.
  5881 | D:6      | Noticed Crazy Yiuf
  6474 | D:7      | Reached skill level 8 in Long Blades
  6577 | D:7      | Gained mutation: You are surrounded by a mild repulsion
                  | field. (EV +2) [demonic ancestry]
  6577 | D:7      | Reached XP level 9. HP: 67/67 MP: 9/9
  6779 | D:7      | Noticed Maggie
  6801 | D:7      | Killed Maggie
  6802 | D:7      | Reached skill level 5 in Fighting
  6802 | D:7      | Reached skill level 5 in Dodging
  7460 | D:8      | Found a large runed translucent door.
  7460 | D:8      | Found a large runed translucent door.
  7462 | D:8      | Noticed a tengu conjurer
  7473 | D:8      | Found a large runed translucent door.
  7473 | D:8      | Found a large runed translucent door.
  7478 | D:8      | Noticed a boulder beetle
  7490 | D:8      | Noticed a centaur warrior
  7510 | D:8      | Killed a centaur warrior
  7511 | D:8      | Reached skill level 9 in Long Blades
  7661 | D:8      | Noticed a two-headed ogre
  7663 | D:8      | Noticed a gargoyle
  7669 | D:8      | Killed a two-headed ogre
  7670 | D:8      | Gained mutation: You are surrounded by a moderate repulsion
                  | field. (EV +3) [demonic ancestry]
  7670 | D:8      | Reached XP level 10. HP: 71/74 MP: 10/10
  7680 | D:8      | Killed a gargoyle
  7963 | D:8      | Reached skill level 5 in Throwing
  8009 | D:8      | Found a burning altar of Makhleb.
  8010 | D:8      | Found a shimmering altar of Xom.
  8137 | D:8      | Found a hazy altar of Hepliaklqana.
  8140 | D:8      | Found a bloodstained altar of Trog.
  8141 | D:8      | Found an opulent altar of Gozag.
  8141 | D:8      | Found an iron altar of Okawaru.
  8150 | D:8      | Became a worshipper of Gozag Ym Sagoz the Greedy
  9095 | D:9      | Found a snail-covered altar of Cheibriados.
  9122 | D:9      | Noticed Psyche
  9139 | D:9      | Killed Psyche
  9521 | D:9      | Found a staircase to the Orcish Mines.
  9521 | D:9      | Found an ancient bone altar of Kikubaaqudgha.
  9780 | D:9      | Reached skill level 10 in Long Blades
 10424 | D:9      | Identified the +1 pair of gloves of Vinnet {rF+ rC+ Regen+
                  | Str-5}
 10543 | D:10     | Entered Level 10 of the Dungeon
 10556 | D:10     | Found a staircase to the Lair.
 10666 | D:10     | Noticed a two-headed ogre
 10700 | D:10     | Killed a two-headed ogre
 11016 | D:10     | Found an ornate altar of the Wu Jian Council.
 11036 | D:10     | Gained mutation: You have a sharp stinger which inflicts
                  | weakening toxins. [demonic ancestry]
 11036 | D:10     | Reached XP level 11. HP: 82/82 MP: 11/11
 11435 | D:11     | Noticed Sonja
 11445 | D:11     | Killed Sonja
 11740 | D:11     | Noticed an eight-headed hydra
 11763 | D:11     | Killed a 20-headed hydra
 11949 | D:11     | Reached skill level 5 in Armour
 11981 | D:11     | Reached skill level 11 in Long Blades
 11993 | D:11     | Noticed a tengu warrior
 12008 | D:11     | Killed a tengu warrior
 12136 | D:11     | Noticed Erica
 12149 | D:11     | Killed Erica
 12570 | D:12     | Reached skill level 5 in Stealth
 12811 | D:12     | Found a gate leading to a gauntlet.
 12823 | Gauntlet | Entered a Gauntlet
 12823 | Gauntlet | Found a transporter.
 12833 | Gauntlet | Found a transporter.
 12834 | Gauntlet | Found a transporter.
 12852 | Gauntlet | Found a transporter.
 12854 | Gauntlet | Found a transporter.
 12864 | Gauntlet | Noticed a wizard
 12865 | Gauntlet | Noticed a wizard
 12868 | Gauntlet | Found a transporter.
 12885 | Gauntlet | Found a transporter.
 12894 | Gauntlet | Found a runed translucent gate.
 12895 | Gauntlet | Found a transporter.
 12895 | Gauntlet | Found a runed translucent gate.
 12896 | Gauntlet | Found a runed translucent gate.
 12903 | Gauntlet | Noticed a dire elephant
 12907 | Gauntlet | Found a transporter.
 12926 | Gauntlet | Found a transporter.
 12939 | Gauntlet | Noticed a tengu warrior
 12943 | Gauntlet | Found a transporter.
 12943 | Gauntlet | Found a transporter.
 12984 | Gauntlet | Gained mutation: You may rarely emit foul miasma when
                  | damaged in melee. [demonic ancestry]
 12984 | Gauntlet | Reached XP level 12. HP: 83/92 MP: 12/12
 12988 | Gauntlet | Gained mutation: You are clumsy. (Dex -2) [a neqoxec]
 12993 | Gauntlet | Gained mutation: You are weak. (Str -2) [a neqoxec]
 12994 | Gauntlet | Gained mutation: Armour fits poorly on your strangely
                  | shaped body. [a neqoxec]
 13070 | Gauntlet | Found a transporter.
 13089 | Gauntlet | Killed a tengu warrior
 13093 | Gauntlet | Reached skill level 12 in Long Blades
 13156 | Gauntlet | Found a transporter.
 13229 | Gauntlet | Identified the +1 pair of boots "Quiria" {rElec rPois
                  | Slay+3}
 13269 | Gauntlet | Identified the +9 plate armour of a treasure trove {rF+}
 13269 | Gauntlet | Noticed a minotaur
 13298 | Gauntlet | Killed a minotaur
 13452 | Gauntlet | Got the Compendium of Frigorific Clay
 13515 | D:12     | Noticed a tengu warrior
 13540 | D:12     | Killed a tengu warrior
 13582 | D:12     | Noticed a five-headed hydra
 13596 | D:12     | Killed an 11-headed hydra
 13877 | D:12     | Noticed a two-headed ogre
 13890 | D:12     | Killed a two-headed ogre
 14064 | D:12     | Noticed a boulder beetle
 14079 | D:12     | Killed a boulder beetle
 14528 | D:8      | Killed a boulder beetle
 14829 | D:13     | Noticed a centaur warrior
 14836 | D:13     | Killed a centaur warrior
 14840 | D:13     | Reached skill level 13 in Long Blades
 15008 | D:13     | Found a runed translucent gate.
 15008 | D:13     | Found a runed translucent gate.
 15008 | D:13     | Found a runed translucent gate.
 15013 | D:13     | Noticed Daste's ghost (journeyman OpIE)
 15778 | D:14     | Noticed a boulder beetle
 15802 | D:14     | Slain by a +6 long sword

Illustrated notes

Levels and vault maps discovered:
D:1:      dpeg_arrival_another_circle, layout_basic, supply_closet_lemuel,
          minmay_parallelograms
D:2:      layout_basic, chequers_ecumenical_altar_simple_redux
D:3:      layout_rooms, nicolae_qazlal_scattered_showers, hangedman_decor_points
D:4:      layout_loops_corners, yredelemnul_altar_generic
D:5:      layout_basic, minmay_temple_entry_enclosed_plants, serial_shops,
          kennysheep_mini_moat
D:6:      layout_loops_ring, mainiacjoe_overflow_chevrons, grunt_ministairs_6,
          uniq_crazy_yiuf_cottage
D:7:      layout_basic, uniq_maggie
D:8:      layout_layer_cave, grunt_temple_overflow_champion_of_chaos,
          grunt_temple_overflow_open, dk_noncrumbling_4,
          minmay_hollow_rounded_squares
D:9:      layout_loops_cross, amcnicky_altar_gilded, general_overflow_altar,
          slow_altar_2, orc_0_dummy, dreamdust_wishing_well,
          chequers_serial_rivers_large_b, st_stairs_13, grunt_ministairs_8,
          chequers_serial_rivers_micro_d, hangedman_abyss_or_decor_lesser_grid,
          nicolae_lava_and_water, uniq_psyche
D:10:     layout_cave_pools, nicolae_wu_jian_wuxing_cycle, david_lair_shrubbed,
          dk_noncrumbling_2
D:11:     layout_grid_maze, hangedman_decor_opposing, uniq_erica, uniq_sonja
D:12:     layout_stronghold, gauntlet_entry_generic
D:13:     layout_grid_maze, gammafunk_ghost_necromancy
D:14:     layout_roguey, erik_vaults_1, serial_park_avenue1,
          ebering_ghost_inner_flame, uniq_snorg
Temple:   kb_temple_of_zot

Skill      XL: |  1  2  3  4  5  6  7  8  9 10 11 12 |
---------------+-------------------------------------+-----
Dodging        | 3 4 6 7 8 |  8.7
Long Blades    | 3 4 5 6 8 9 10 11 13 | 13.4
Armour         | 1 2 3 4 5 6 |  6.4
Stealth        | 1 2 3 4 5 |  5.8
Fighting       | 3 4 5 6 7 8 |  8.7
Throwing       | 2 4 5 6 |  6.2
Evocations     | |  0.2

Action                   |  1- 3 |  4- 6 |  7- 9 | 10-12 || total
-------------------------+-------+-------+-------+-------++-------
Melee: Long sword        |    96 |    85 |   169 |   526 ||   876
       Tailslap          |    14 |    11 |    34 |   120 ||   179
       Punch             |     1 |       |     2 |    15 ||    18
Throw: Throwing net      |     4 |       |     2 |       ||     6
       Javelin           |     2 |     1 |    33 |    14 ||    50
       Dart              |       |       |       |    17 ||    17
Evoke: Wand              |       |       |       |     1 ||     1
  Use: Scroll            |       |     6 |     3 |    12 ||    21
       Potion            |       |       |       |     3 ||     3
 Stab: Sleeping          |     2 |       |     3 |     3 ||     8
       Distracted        |       |       |       |     3 ||     3
       Invisible         |       |       |       |     4 ||     4
Armor: Leather armour    |    30 |    26 |       |       ||    56
       Steam dragon scal |       |     2 |    31 |       ||    33
       Acid dragon scale |       |       |    12 |    90 ||   102
       Plate armour      |       |       |       |    80 ||    80
Dodge: Dodged            |    61 |    74 |   184 |   690 ||  1009

Table legend: (Time is in decaauts)
 A = Elapsed time spent in this place.
 B = Non-inter-level travel time spent in this place.
 C = Inter-level travel time spent in this place.
 D = Time resting spent in this place.
 E = Time spent auto-exploring this place.
 F = Levels seen in this place.
 G = Mean time per level.
                   A        B        C        D        E       F      G
               +--------+--------+--------+--------+--------+-----+--------+
         Total |  15803 |  15096 |    707 |    732 |   9834 |  16 |  987.7 |
       Dungeon |  15078 |  14387 |    691 |    732 |   9729 |  14 | 1077.0 |
        Temple |    108 |     92 |     16 |      0 |     87 |   1 |  108.0 |
      Gauntlet |    616 |    616 |      0 |      0 |     18 |   1 |  616.0 |
               +--------+--------+--------+--------+--------+-----+--------+

Top non-repeatable levels by time:
     D:8: 1820 daAuts
     D:9: 1538 daAuts
     D:1: 1393 daAuts
    D:12: 1261 daAuts
     D:7: 1223 daAuts
    D:11: 1215 daAuts
     D:4: 1194 daAuts
     D:2: 1096 daAuts
    D:13: 1012 daAuts
     D:5: 850 daAuts
    D:10: 816 daAuts
     D:6: 800 daAuts
     D:3: 775 daAuts
Gauntlet: 616 daAuts
  Temple: 108 daAuts
